Description

TvP Mech Build

A little more defensive, but so long as you don't take too much damage and the Protoss doesn't get like 30 bases, you can just build an army and shove across the map and win. Just make sure tanks are positioned well.

VOD

https://www.youtube.com/watch?v=2j5iCAk5kPE

Replay - 2020-04-20 - (T)TYTY VS (P)Zest

Build Order

Get SALT Encoding   

  12  0:00  SCV  
  13  0:12  SCV  
  14  0:17  Supply Depot  
  14  0:24  SCV  
  15  0:28  Refinery  
  15  0:38  SCV  
  16  0:44  Barracks  
  16  0:50  SCV  
  17  1:02  SCV  
  18  1:15  SCV  
  20  1:33  Reaper  
  20  1:34  Orbital Command  
  20  1:46  Command Center  
  20  1:59  Factory  
  20  2:02  SCV  
  20  2:06  Barracks Reactor  
  21  2:13  Supply Depot  
  21  2:16  SCV  
  22  2:28  SCV  
  23  2:40  SCV  
  23  2:42  Marine x2  
  23  2:43  Hellion, Starport  
  28  2:53  SCV  
  28  3:00  Orbital Command  
  28  3:02  Marine x2  
  28  3:03  Refinery  
  28  3:05  SCV  
  30  3:07  Orbital Command  
  30  3:08  Factory Tech Lab  
  31  3:20  Marine x2  
  31  3:21  SCV  
  35  3:33  SCV x2  
  35  3:35  Banshee  
  35  3:38  Marine x2  
  40  3:42  Supply Depot  
  40  3:45  SCV x2  
  40  3:47  Cloaking Field  
  42  3:54  Factory Tech Lab  
  42  3:57  SCV x2  
  44  4:06  Supply Depot  
  44  4:08  Marine x2  
  44  4:09  SCV x2  
  47  4:15  Siege Tank  
  51  4:18  Supply Depot  
  51  4:21  SCV x2  
  53  4:33  SCV  
  53  4:34  Banshee  
  53  4:37  Command Center  
  57  4:39  SCV  
  58  4:48  SCV x2  
  58  4:49  Refinery x2  
  60  4:58  Siege Tank  
  60  4:59  Marine x2  
  65  5:01  SCV x2  
  65  5:13  SCV  
  66  5:16  Banshee  
  70  5:24  SCV x2  
  70  5:32  Supply Depot  
  70  5:35  Bunker  
  70  5:38  Supply Depot, SCV x2  
  70  5:41  Hyperflight Rotors  
  70  5:46  Engineering Bay  
  70  5:48  Supply Depot  
  70  5:49  Marine x2, Siege Tank  
  75  5:50  Orbital Command, SCV x2  
  77  6:02  Raven, SCV x2  
  80  6:07  Marine x2  
  83  6:14  Orbital Command, SCV x2  
  85  6:21  Siege Tank  
  85  6:25  Marine x2, Missile Turret x2  
  90  6:27  SCV x2  
  92  6:34  Factory x2  
  92  6:39  SCV x3  
  94  6:45  Banshee  
  98  6:51  SCV x3  
  98  6:52  Refinery x2  
  100  6:55  Supply Depot x2  
  100  7:00  Supply Depot x2  
  101  7:02  Siege Tank  
  101  7:03  SCV x3  
  106  7:15  SCV x2  
  107  7:21  SCV  
  109  7:23  Armory x2  
  109  7:24  Factory Tech Lab  
  109  7:27  Supply Depot, SCV x2  
  109  7:28  Banshee  
  112  7:32  Hellion x2  
  112  7:33  SCV  
  118  7:41  SCV x2  
  118  7:42  Sensor Tower  
  120  7:46  Supply Depot x2  
  120  7:47  Siege Tank x2  
  120  7:49  Missile Turret  
  126  7:52  SCV x2  
  126  7:54  Hellion x2  
  132  8:01  SCV x3  
  134  8:10  Terran Vehicle Weapons Level 1  
  134  8:11  Banshee, Terran Vehicle And Ship Armor Level 1  
  138  8:13  Supply Depot, SCV  
  138  8:19  Siege Tank  
  142  8:21  Hellion x2  
  146  8:30  Command Center  
  148  8:36  Siege Tank  
  148  8:38  Factory x2  
  148  8:40  Missile Turret  
  149  8:43  Hellion x2  
  149  8:44  Infernal Pre-Igniter  
  153  8:53  Siege Tank  
  156  8:57  Supply Depot x3  
  156  9:00  Banshee  
  159  9:05  Hellion x2  
  159  9:08  Siege Tank  
  159  9:09  Sensor Tower  
  166  9:22  Command Center  
  166  9:23  Factory Reactor, Factory Tech Lab  
  166  9:25  Supply Depot  
  166  9:26  Missile Turret  
  166  9:28  Siege Tank  
  169  9:40  Siege Tank  
  169  9:44  Banshee  
  175  9:47  Siege Tank  
  175  9:48  Hellion x2  
  182  9:58  Supply Depot x2  
  182  10:01  Missile Turret, SCV x2  
  182  10:05  Hellion x3  
  190  10:10  Terran Vehicle And Ship Armor Level 2, Terran Vehicle Weapons Level 2, Missile Turret  
  190  10:18  Siege Tank, Missile Turret  
  196  10:24  Planetary Fortress  
  196  10:27  Refinery, Hellion x2  
Spawning Tool Build Advisor. Get it on Overwolf

Analysis

Scout for extra bases, punish and harass with banshees if you can, and make sure you don't lose bits and pieces of army for free.

Go to:

Details

  • Created by: Texturace
  • Published on: May 15, 2020
  • Modified on: Jun 15, 2020
  • Patch: 4.11.0
  • Difficulty: Easy
Show
View Real Time Build Order
Export as new Build Order

Comments (0)

There are no comments. Be the first!

Create an account to comment!